[Event "*** Titled Tuesday Blitz"]
[Site "Chess.com"]
[Date "2020.01.07"]
[Round "5"]
[White "NTBT_DHS"]
[Black "Fandorin779"]
[Result "0-1"]
[WhiteElo "2619"]
[BlackElo "2345"]
[TimeControl "180+2"]
[EndTime "14:08:30 PST"]
[Termination "Fandorin779 won by resignation"]

1. d4 d5 2. c4 dxc4 3. e4 Nf6 4. e5 Nd5 5. Bxc4 Nc6 6. Nf3 Bg4 7. Nc3 e6 8. Nxd5 exd5 9. Be2 Bb4+ 10. Bd2 Be7 11. Be3 O-O 12. O-O f6 13. Qb3 fxe5 14. dxe5 Nxe5 15.
Nxe5 Bxe2 16. Rfe1 Ba6 17. Rad1 c6 18. Qa4 Qc7 19.
Nf3 Bd6 20. Qg4 Rae8 21. Bd4 Be2 22. Rc1 Re4 23. Qh3 Bxf3 24. gxf3 Rxd4 25. Re6 Rdf4 26. Rc3 d4 27. Rd3 c5 28. b3 Qd7 29. Kg2 R4f6 30.
Re4 Qxh3+ 31. Kxh3 Rxf3+ 0-1

[Event "*** Titled Tuesday Blitz"]
[Site "Chess.com"]
[Date "2020.01.07"]
[Round "5"]
[White "mersad_98"]
[Black "Hrant_ChessMood"]
[Result "0-1"]
[WhiteElo "2752"]
[BlackElo "2932"]
[TimeControl "180+2"]
[EndTime "14:08:34 PST"]
[Termination "Hrant_ChessMood won by resignation"]

1. e4 c6 2. Nc3 d5 3. Nf3 Bg4 4. h3 Bxf3 5. Qxf3 e6 6. Be2 Nd7 7. O-O Ngf6 8. d4 dxe4 9. Nxe4 Nxe4 10. Qxe4 Nf6 11. Qd3 Bd6 12. Bf3 O-O 13. Re1 Qc7 14. Bg5 Bf4 15. Bxf6 gxf6 16. c4 Kh8 17. d5 cxd5 18.
cxd5 Qd6 19. Rad1 Rad8 20. dxe6 Qxd3 21. e7 Bd2 22. Re2 Rde8 23. Rdxd2 Qb1+ 24. Kh2 Qxa2 25. exf8=Q+ Rxf8 26. Bxb7 Qa5 27. Bd5 Rd8 28. b4 Qxb4 29. Rd3 a5 30. Red2 a4 31. g3 a3 32.
Rd1 Kg7 33. R3d2 Qa4 34. Rd4 Qa7 35. R4d2 Rxd5 36. Rxd5 Qxf2+ 37. Kh1 a2 38. R5d2 Qxd2 0-1

[Event "*** Titled Tuesday Blitz"]
[Site "Chess.com"]
[Date "2020.01.07"]
[Round "5"]
[White "spectralsoul"]
[Black "econpower"]
[Result "1-0"]
[WhiteElo "2872"]
[BlackElo "2601"]
[TimeControl "180+2"]
[EndTime "14:08:34 PST"]
[Termination "spectralsoul won by resignation"]

1. Nf3 d6 2. d4 g6 3. e4 a6 4. Bc4 Bg7 5. Qe2 b5 6. Bb3 Nf6 7. e5 dxe5 8. dxe5 Nd5 9. h3 h6 10. O-O c6 11. Rd1 Qc7 12. a4 Bb7 13. axb5 axb5 14.
Rxa8 Bxa8 15. Bxd5 cxd5 16. Nc3 b4 17. Qb5+ Nc6 18.
Nxd5 Qb7 19. Qxb7 Bxb7 20. Nc7+ Kf8 21. Be3 Kg8 22. Rd7 Bc8 23. Rd5 Kh7 24. Rc5 Bd7 25.
Nd5 Ra8 26. Bf4 Ra2 27. b3 g5 28. Bg3 Kg6 29. Kf1 Bf8 30. e6 fxe6 31. Nb6 Be8 32.
Rxc6 Bxc6 33. Ne5+ Kf5 34. Nxc6 Ke4 35. Nxb4 Ra1+ 36.
Ke2 Kd4 37. Na4 Bg7 38. f3 Rxa4 39. bxa4 Kc4 40. Nc6 1-0

[Event "*** Titled Tuesday Blitz"]
[Site "Chess.com"]
[Date "2020.01.07"]
[Round "5"]
[White "Saloni1299"]
[Black "PotapovaM"]
[Result "0-1"]
[WhiteElo "2121"]
[BlackElo "2506"]
[TimeControl "180+2"]
[EndTime "14:08:37 PST"]
[Termination "PotapovaM won by resignation"]

1. e4 c5 2. Nf3 d6 3. d4 cxd4 4. Nxd4 Nf6 5. Nc3 a6 6. f4 Nbd7 7. a4 e5 8. Nf3 Qc7 9. Bd3 Be7 10. Qe2 O-O 11. O-O Nc5 12. Kh1 b6 13. Bd2 Bb7 14. Rfc1 Rfe8 15. b4 Ncd7 16. Nh4 exf4 17. Nf5 Bf8 18. Qf2 g6 19. Nd4 Bg7 20. Qxf4 Nh5 21. Qf2 Ne5 22. Nd5 Bxd5 23. exd5 Ng4 24. Qg1 Ne5 25.
Be2 Nf6 26. c3 Nxd5 27. c4 Nf6 28. Nf3 Neg4 29. Bd3 Ne4 30. Bxe4 Rxe4 31. h3 Nf6 32. c5 bxc5 33. bxc5 d5 34. Ra3 Nh5 35. Rd3 Ng3+ 36. Kh2 Ne2+ 37. g3 Nxg1 0-1

[Event "*** Titled Tuesday Blitz"]
[Site "Chess.com"]
[Date "2020.01.07"]
[Round "5"]
[White "Induwara_IM"]
[Black "Karina_Ivanova"]
[Result "1-0"]
[WhiteElo "2372"]
[BlackElo "2165"]
[TimeControl "180+2"]
[EndTime "14:08:39 PST"]
[Termination "Induwara_IM won by resignation"]

1. d4 Nf6 2. c4 e6 3. Nf3 Bb4+ 4.
Bd2 a5 5. Nc3 b6 6. e3 Bb7 7. Bd3 O-O 8. O-O d5 9. cxd5 Nxd5 10. e4 Nxc3 11. bxc3 Be7 12. Qe2 Nd7 13. e5 c5 14. Rfd1 Rc8 15. Rab1 Qc7 16. Be3 Rfd8 17. h4 cxd4 18. cxd4 Nf8 19. h5 h6 20. Rdc1 Bc6 21. d5 Rxd5 22. Nd4 Rc5 23. Nxc6 Rxc6 24. Rxc6 Qxc6 25.
Rxb6 Qd5 26. Rb5 Bc5 27. Rxa5 Qxe5 28. Bxc5 Qc3 29. Bb6 Qc1+ 30. Kh2 Qf4+ 31. g3 Qb4 32. Qe3 Rc6 33. Rb5 Qg4 34. Qe4 Qxh5+ 35. Rxh5 1-0

[Event "*** Titled Tuesday Blitz"]
[Site "Chess.com"]
[Date "2020.01.07"]
[Round "5"]
[White "TigrVShlyape"]
[Black "DamianoLew95"]
[Result "1-0"]
[WhiteElo "2812"]
[BlackElo "2592"]
[TimeControl "180+2"]
[EndTime "14:08:41 PST"]
[Termination "TigrVShlyape won by resignation"]

1. d4 d5 2. Nf3 Nf6 3. Bf4 e6 4. e3 Bd6 5. Bxd6 Qxd6 6. c4 Nbd7 7. Nc3 c6 8. a3 O-O 9. Qc2 Re8 10. Rd1 Qe7 11.
Be2 h6 12. O-O b6 13. Ne5 Nxe5 14. dxe5 Nd7 15. f4 f6 16. exf6 Nxf6 17. Kh1 Bb7 18. e4 dxe4 19. Nxe4 Rad8 20. c5 Nxe4 21. Qxe4 bxc5 22.
Bd3 g5 23. fxg5 hxg5 24. Bc4 Bc8 25. Qe5 Rf8 26. Rxd8 Rxd8 27. h3 Rd4 28. b3 a5 29.
a4 Bd7 30. Qc7 Kg7 31. Qe5+ Kg8 32. Kg1 Rd2 33. Rf6 Qg7 34. Bxe6+ Bxe6 35. Qxe6+ Kh8 36.
Rh6+ 1-0

[Event "*** Titled Tuesday Blitz"]
[Site "Chess.com"]
[Date "2020.01.07"]
[Round "5"]
[White "TheBigBadChessDad"]
[Black "secretsuperstar7"]
[Result "0-1"]
[WhiteElo "2280"]
[BlackElo "2226"]
[TimeControl "180+2"]
[EndTime "14:08:44 PST"]
[Termination "secretsuperstar7 won by resignation"]

1. d4 d5 2. Bf4 Nf6 3. e3 e6 4.
Nd2 c5 5. c3 Nc6 6. Ngf3 cxd4 7. cxd4 Nh5 8. Bg3 g6 9. a3 Bg7 10. Bd3 O-O 11. Rc1 f6 12. Bb1 e5 13. Ba2 Be6 14. dxe5 fxe5 15. Ne4 Kh8 16. Nc5 Bg8 17.
b4 e4 18. Nd4 Nxd4 19. exd4 Nxg3 20. hxg3 Qf6 21. O-O Qxd4 22. Qxd4 Bxd4 23. Rcd1 Bxc5 24. bxc5 Rad8 25. Rd4 Rd7 26. Rfd1 Rc8 27. Rxe4 dxe4 28. Rxd7 Bxa2 29. Rxb7 Rxc5 30. Rxa7 Rc1+ 31. Kh2 Rc2 32. Re7 Rxf2 33. Rxe4 Bd5 34. Rd4 Bxg2 35. g4 Bc6+ 36. Kg3 Rf3+ 37. Kh4 h6 38. Rd6 Kg7 39. g5 hxg5+ 40. Kxg5 Rf5+ 41. Kg4 Bf3+ 42. Kg3 Be4 43. a4 Ra5 44. Rd4 Bc6 0-1

[Event "*** Titled Tuesday Blitz"]
[Site "Chess.com"]
[Date "2020.01.07"]
[Round "5"]
[White "Alex_Molchanov"]
[Black "Durarbayli"]
[Result "0-1"]
[WhiteElo "2583"]
[BlackElo "2844"]
[TimeControl "180+2"]
[EndTime "14:08:48 PST"]
[Termination "Durarbayli won by resignation"]

1. d4 e6 2. Nf3 c5 3. g3 cxd4 4. Bg2 Qa5+ 5. Nbd2 Nc6 6. O-O Nf6 7.
Nb3 Qb6 8. Nfxd4 Nxd4 9. Qxd4 Qxd4 10. Nxd4 Bc5 11. Nb3 Bb6 12. c4 d6 13. Bf4 Ke7 14. Rfd1 Rd8 15. Rac1 e5 16. Bg5 Bg4 17. Bxb7 Bxe2 18. Re1 Rab8 19. c5 Rxb7 20. Rxe2 Bc7 21. cxd6+ Bxd6 22. f4 Rb5 23. Rce1 h6 24. fxe5 hxg5 25.
exd6+ Kxd6 26. Rd1+ Rd5 27. Red2 Rb8 28. Nd4 Kd7 29. Nf5 Rxd2 30. Rxd2+ Ke6 31. Nxg7+ Ke5 32. Re2+ Ne4 33. Nh5 f5 34. g4 f4 35. Nf6 Kxf6 36. Rxe4 Rxb2 37. Ra4 Ke5 38. Rxa7 Ke4 39. Ra3 f3 40.
Ra4+ Ke3 41. Ra3+ Ke2 42. Rb3 f2+ 43. Kg2 f1=Q+ 0-1

[Event "*** Titled Tuesday Blitz"]
[Site "Chess.com"]
[Date "2020.01.07"]
[Round "5"]
[White "Kumi29"]
[Black "GremioPrudente"]
[Result "1-0"]
[WhiteElo "2493"]
[BlackElo "2261"]
[TimeControl "180+2"]
[EndTime "14:08:48 PST"]
[Termination "Kumi29 won by resignation"]

1. d4 d5 2. Nc3 Nf6 3. Bf4 c6 4. e3 g6 5. h4 h5 6. Be2 Bg7 7. Nf3 Bf5 8. Ng5 Ne4 9. Ngxe4 Bxe4 10. Nxe4 dxe4 11. c3 O-O 12. g4 hxg4 13. Bxg4 f5 14. Be2 e6 15. Qb3 Qc8 16. h5 gxh5 17. Rxh5 Na6 18.
Kd2 c5 19. Rg1 cxd4 20. Be5 Rf7 21. Rhg5 dxc3+ 22. bxc3 Qd7+ 23. Kc1 Nc5 24. Qc4 Rc8 25. Rxg7+ Rxg7 26. Rxg7+ Qxg7 27. Bxg7 Nd3+ 28. Bxd3 Rxc4 29. Bxc4 Kxg7 30. Bxe6 Kf6 31. Bc8 b6 32. c4 Ke5 33.
Kc2 f4 34. exf4+ Kxf4 35. Kc3 Kf3 36. Bb7 Kxf2 37. Bxe4 Ke3 38. Bh1 Kf4 39. Kd4 Kf5 40.
Kd5 Kf4 41. a4 Ke3 42. c5 bxc5 43. Kxc5 Kd3 44. a5 Kc3 45. a6 Kb3 46. Kc6 Ka4 47. Kb7 Ka5 48. Kxa7 Kb5 49. Kb7 Ka5 50.
a7 Kb5 51. a8=Q 1-0

[Event "*** Titled Tuesday Blitz"]
[Site "Chess.com"]
[Date "2020.01.07"]
[Round "5"]
[White "guillembaches"]
[Black "chesstatour"]
[Result "0-1"]
[WhiteElo "2269"]
[BlackElo "1992"]
[TimeControl "180+2"]
[EndTime "14:08:54 PST"]
[Termination "chesstatour won by checkmate"]

1. e4 c6 2. d4 d5 3. exd5 cxd5 4. Bd3 Nc6 5. c3 g6 6. h3 Bg7 7. Nf3 Nh6 8. O-O O-O 9. Bf4 f6 10. Re1 Nf7 11. Bh2 e5 12. dxe5 fxe5 13. Bc2 e4 14.
Nd4 Nxd4 15. cxd4 Qg5 16. Kh1 Nh6 17. Re2 Nf5 18. Rd2 e3 19. f4 Ng3+ 20. Bxg3 Qxg3 21. Re2 Rxf4 22. Bb3 Be6 23. Nc3 Raf8 24. Nxd5 Bxd5 25. Bxd5+ Kh8 26. Qg1 Rxd4 27. Rxe3 Qc7 28.
Bb3 Rdf4 29. Qe1 h5 30. Qf1 Rxf1+ 31. Rxf1 Rxf1# 0-1

[Event "*** Titled Tuesday Blitz"]
[Site "Chess.com"]
[Date "2020.01.07"]
[Round "5"]
[White "Gordima"]
[Black "volcanoexplorer"]
[Result "1-0"]
[WhiteElo "2798"]
[BlackElo "2556"]
[TimeControl "180+2"]
[EndTime "14:08:56 PST"]
[Termination "Gordima won on time"]

1. d4 Nf6 2. c4 e6 3. g3 d5 4.
Bg2 Nc6 5. Nf3 dxc4 6. O-O Rb8 7. e3 b5 8. b3 cxb3 9. axb3 Bb7 10. Qe2 a6 11.
Bd2 Bd6 12. Rc1 Ne4 13. Be1 O-O 14. Nfd2 Nxd2 15. Nxd2 Nb4 16. Bxb7 Rxb7 17. Ne4 Rb6 18. Nc5 Nd5 19. Nxa6 Ne7 20. e4 e5 21. d5 f5 22. Nc5 Bxc5 23. Rxc5 c6 24. Ba5 fxe4 25. dxc6 Nxc6 26. Bxb6 Qxb6 27. Qxb5 Qxb5 28. Rxb5 Nd4 29. Rb7 Rc8 30. Raa7 Nf3+ 31. Kg2 g6 32. Rg7+ Kf8 33. Rxh7 Kg8 34. Rag7+ Kf8 35. Rh8+ Kxg7 36. Rxc8 Nd4 37. b4 Kf6 38. Rb8 Ke6 39. b5 Kd5 40. b6 Kc6 41.
Rg8 Kxb6 42. Rxg6+ Kc5 43. h4 Kd5 44. h5 Nf5 45. Rf6 e3 46. fxe3 Nxe3+ 47. Kh3 e4 48. h6 Ke5 49. Rf8 1-0

[Event "*** Titled Tuesday Blitz"]
[Site "Chess.com"]
[Date "2020.01.07"]
[Round "5"]
[White "ketster"]
[Black "wadsy27"]
[Result "0-1"]
[WhiteElo "2300"]
[BlackElo "2469"]
[TimeControl "180+2"]
[EndTime "14:08:59 PST"]
[Termination "wadsy27 won by checkmate"]

1. d4 Nf6 2. c4 c5 3. d5 e6 4.
Nc3 exd5 5. cxd5 d6 6. e4 g6 7. Nge2 Bg7 8. Ng3 a6 9. a4 Nbd7 10. Be2 h5 11. O-O h4 12. Nh1 Nh5 13. Be3 Qb6 14. Qd2 Qb4 15. a5 b5 16. axb6 Nxb6 17. f4 O-O 18. Nf2 Nc4 19. Bxc4 Qxc4 20. Ra4 Qb3 21. Ra3 Qb4 22. Rfa1 h3 23. gxh3 Re8 24. Ra4 Qb7 25. Kg2 Qe7 26. Re1 Qh4 27. Ne2 f5 28.
Ng3 fxe4 29. Rxe4 Bf5 30. Rxe8+ Rxe8 31. Nxf5 gxf5 32. Re2 Bd4 33. Nd3 Qe7 34. Kf2 Bf6 35. Kf1 Qe4 36. Bf2 Qh1+ 37. Bg1 Re4 38. Rg2+ Kh7 39.
Qd1 Nxf4 40. Nf2 Qxg2# 0-1

[Event "*** Titled Tuesday Blitz"]
[Site "Chess.com"]
[Date "2020.01.07"]
[Round "5"]
[White "Perecke"]
[Black "Caisachess"]
[Result "0-1"]
[WhiteElo "2159"]
[BlackElo "2367"]
[TimeControl "180+2"]
[EndTime "14:09:00 PST"]
[Termination "Caisachess won by resignation"]

1. e4 e5 2. Nf3 Nc6 3. d4 exd4 4. Bc4 Nf6 5. O-O Nxe4 6. Re1 d5 7. Bxd5 Qxd5 8.
Nc3 Qa5 9. Nxe4 Be6 10. Bg5 h6 11. Bh4 g5 12. Nxd4 O-O-O 13. Nxc6 bxc6 14. Qh5 Bb4 15. c3 gxh4 16. Qxh4 Bd6 17. Rad1 Qf5 18. Nxd6+ Rxd6 19.
Rxd6 cxd6 20. Qa4 Qc5 21. Qa6+ Kc7 22. b4 Qb6 23. Qd3 Rg8 24. Qf3 Kb8 25. Qf4 Qc7 26. g3 Rg4 27. Qxh6 Qe7 28. h4 Rg6 29. Qh8+ Kb7 30.
a4 Qf6 31. Qh5 Bg4 32. Qh7 Bf3 33. h5 Rg7 34. Qh8 Rxg3+ 35. fxg3 Qxh8 0-1

[Event "*** Titled Tuesday Blitz"]
[Site "Chess.com"]
[Date "2020.01.07"]
[Round "5"]
[White "Eliwood44"]
[Black "Gnechko_Ruslan"]
[Result "1/2-1/2"]
[WhiteElo "2329"]
[BlackElo "2486"]
[TimeControl "180+2"]
[EndTime "14:09:01 PST"]
[Termination "Game drawn - insufficient material"]

1. d4 f5 2. Bf4 Nf6 3. e3 d6 4. Nc3 g6 5. h4 h6 6. Bc4 Bg7 7.
Qf3 c6 8. O-O-O Nbd7 9. e4 fxe4 10. Nxe4 d5 11. Nxf6+ exf6 12. Re1+ Kf8 13. Bxd5 Ne5 14.
dxe5 Qxd5 15. exf6 Bxf6 16. Bxh6+ Kf7 17. Qxd5+ cxd5 18. Be3 Rxh4 19. Rxh4 Bxh4 20. Nf3 Bf6 21. Bd4 Bf5 22.
Bxf6 Kxf6 23. Nd4 Bd7 24. c3 Rh8 25. Kd2 Rh2 26. Rg1 g5 27. Ke3 Rh8 28. g3 Re8+ 29. Kd2 Rh8 30. b3 Rh2 31. Ke3 Rh8 32. a4 Re8+ 33. Kd2 b6 34. a5 b5 35. f4 gxf4 36. gxf4 Re4 37. Rf1 b4 38. Kd3 bxc3 39. Kxc3 Re3+ 40.
Kb4 Rd3 41. Kc5 Be6 42. f5 Bf7 43. Rc1 a6 44. b4 Ke5 45. Re1+ Kf6 46. b5 Rc3+ 47.
Kd6 axb5 48. Nxb5 Rb3 49. Nc7 d4 50. a6 Ra3 51. Rd1 d3 52. Kc5 Kxf5 53. Kb6 Bc4 54. a7 Ke4 55. a8=Q+ Rxa8 56. Nxa8 Ke3 57. Kc5 Bb3 58.
Re1+ Kf2 59. Rb1 d2 60. Rb2 Ke1 61. Rxd2 Kxd2 1/2-1/2

[Event "*** Titled Tuesday Blitz"]
[Site "Chess.com"]
[Date "2020.01.07"]
[Round "5"]
[White "KhazarBabazada"]
[Black "Atakishiyev04"]
[Result "1-0"]
[WhiteElo "2928"]
[BlackElo "2735"]
[TimeControl "180+2"]
[EndTime "14:09:05 PST"]
[Termination "KhazarBabazada won by resignation"]

1. e4 e5 2. Nf3 Nc6 3. Nc3 a6 4. Be2 Nf6 5. d3 Be7 6. O-O h6 7. Be3 d6 8. h3 Be6 9. Qd2 Qd7 10. d4 exd4 11. Nxd4 Nxd4 12. Bxd4 O-O 13. Rad1 Rad8 14. Rfe1 Rfe8 15. Bf3 Qc8 16. Nd5 Nxd5 17. exd5 Bf5 18.
Qc3 Bf8 19. a4 Qd7 20. a5 Bg6 21. Qb3 Qb5 22. Qxb5 axb5 23. c3 Bf5 24. b4 Bc2 25.
Rc1 Bd3 26. Rcd1 Bc4 27. g3 g6 28. Bf6 Rb8 29. Rxe8 Rxe8 30. Ra1 Bg7 31. Bxg7 Kxg7 32. a6 Ra8 33. axb7 Rxa1+ 34. Kg2 Bf1+ 35. Kh2 Ra2 36.
Kg1 Ra1 37. b8=Q Be2+ 38. Kg2 Bf1+ 39. Kh2 1-0

[Event "*** Titled Tuesday Blitz"]
[Site "Chess.com"]
[Date "2020.01.07"]
[Round "5"]
[White "boasovietica"]
[Black "MatthewG-p4p"]
[Result "0-1"]
[WhiteElo "2483"]
[BlackElo "2843"]
[TimeControl "180+2"]
[EndTime "14:09:05 PST"]
[Termination "MatthewG-p4p won by resignation"]

1. Nf3 c5 2. e4 e6 3. d4 cxd4 4.
Nxd4 a6 5. Nc3 b5 6. Be2 Bb7 7. Bf3 Qc7 8. O-O d6 9. Re1 Nf6 10. Bg5 Nbd7 11. a3 Be7 12. Qd2 Ne5 13. Rad1 Rc8 14.
Bxf6 gxf6 15. Bh5 Qc4 16. Qh6 Kd7 17. f4 Nc6 18. Nf3 Rcf8 19. Rd3 Kc7 20. f5 Ne5 21.
Nxe5 dxe5 22. Nd5+ exd5 23. Rc3 Bc5+ 24. Kh1 Qd4 25.
Rd1 Qf2 26. b4 dxe4 27. Rxc5+ Kb8 28. Qxf6 e3 29. Qxe5+ Ka8 30. Rg1 Rhg8 31. Rd5 e2 32. Bf3 Re8 33. Qc7 Qxf3 34. Rd8+ Rxd8 0-1

[Event "*** Titled Tuesday Blitz"]
[Site "Chess.com"]
[Date "2020.01.07"]
[Round "5"]
[White "ITheOnlyME"]
[Black "DucksParadise"]
[Result "1-0"]
[WhiteElo "2315"]
[BlackElo "2039"]
[TimeControl "180+2"]
[EndTime "14:09:07 PST"]
[Termination "ITheOnlyME won by resignation"]

1. d4 Nf6 2. Bf4 g6 3. Nc3 d5 4.
e3 Bg7 5. h4 h5 6. Nf3 O-O 7. Be2 Bg4 8. Ne5 Bxe2 9. Qxe2 c5 10. dxc5 Qa5 11. Qb5 Qxb5 12. Nxb5 Na6 13. Nd3 Ne4 14.
O-O-O Rfd8 15. b4 Nc3 16. Nxc3 Bxc3 17. a3 b6 18. cxb6 axb6 19. Be5 d4 20. Bxd4 Rxd4 21.
exd4 Nc7 22. Kb1 Nb5 23. Nb2 Nxa3+ 24. Ka2 Nb5+ 25. Kb3 Ra3+ 26. Kc4 Nd6+ 27. Kd5 Bxb2 28. c4 Ra4 29. c5 bxc5 30. dxc5 Nf5 31. Kc4 Be5 32.
Kb3 Ra8 33. Rhe1 f6 34. g3 Rb8 35. f4 Nd4+ 36. Kc4 Nf3 37. fxe5 Nxe1 38. Rxe1 1-0

[Event "*** Titled Tuesday Blitz"]
[Site "Chess.com"]
[Date "2020.01.07"]
[Round "5"]
[White "karwowskikacper"]
[Black "Heineccius"]
[Result "0-1"]
[WhiteElo "2425"]
[BlackElo "2660"]
[TimeControl "180+2"]
[EndTime "14:09:09 PST"]
[Termination "Heineccius won by resignation"]

1. e4 c5 2. Nf3 e6 3. d4 cxd4 4.
Nxd4 a6 5. Bd3 Qc7 6. O-O Nf6 7. Qe2 d6 8. c4 Nbd7 9. Nc3 g6 10. b3 Bg7 11. Bb2 O-O 12. Rad1 b6 13. Bb1 Bb7 14. Rfe1 Rfe8 15. f3 d5 16. Qf1 dxe4 17. Nxe4 Nxe4 18. Bxe4 Bxe4 19. Rxe4 Rad8 20. Qf2 Nc5 21. Ree1 e5 22. Nc2 Nd3 23. Rxd3 Rxd3 24. Nb4 Rd6 25. Nxa6 Qd7 26. Bc3 Rd1 27. Nb4 e4 28. Nd5 Rxe1+ 29. Bxe1 exf3 30.
gxf3 Qf5 31. Bb4 Qd3 32. Qxb6 Bd4+ 0-1

[Event "*** Titled Tuesday Blitz"]
[Site "Chess.com"]
[Date "2020.01.07"]
[Round "5"]
[White "patrisiii123"]
[Black "RaunakSadhwani2005"]
[Result "1/2-1/2"]
[WhiteElo "2481"]
[BlackElo "2733"]
[TimeControl "180+2"]
[EndTime "14:09:09 PST"]
[Termination "Game drawn by agreement"]

1. e4 c5 2. Nf3 d6 3. d4 cxd4 4. Nxd4 Nf6 5. Nc3 Nc6 6. Be2 e5 7. Nb3 Be7 8. O-O O-O 9. Kh1 Be6 10. f4 Rc8 11. Be3 exf4 12. Bxf4 d5 13. exd5 Nxd5 14. Nxd5 Bxd5 15. c3 Bg5 16. Bxg5 Qxg5 17. Bf3 Rcd8 18.
Bxd5 Rxd5 19. Qf3 Rd7 20. Rad1 Rfd8 21. Rxd7 Rxd7 22. Rd1 Rxd1+ 23. Qxd1 h5 24. h3 h4 25. Nd4 Qd8 26. Qg4 Ne5 27. Qe4 Qf6 28. Qxb7 Qf1+ 29. Kh2 Qf4+ 30. Kh1 g6 31. Qxa7 Nd3 32. Qa8+ Kg7 33.
Qf3 Qc1+ 34. Kh2 Nxb2 35. Ne2 Qd2 36. Nf4 Nc4 37. Nd5 f5 38. Nf4 Kh6 39. Ne6 Qd6+ 40. Qf4+ Qxf4+ 41. Nxf4 Kg5 42. Nd5 f4 43. a4 Kf5 44. Nb4 Na5 45. Kg1 g5 46. Kf2 g4 47.
hxg4+ Kxg4 48. Nd5 Nc4 49. Nf6+ Kf5 50. Nd5 Kg4 51. Nb4 Na5 52. Nd3 Nb3 53. Ne5+ Kf5 54.
Nc4 Nc5 55. a5 Kg4 56. Ne5+ Kf5 57. Nc6 Kg4 58. Nb4 Ne4+ 59. Kg1 Nxc3 60. a6 Nb5 61. Nc6 h3 62. gxh3+ Kxh3 63. a7 Nc7 64. Kf2 Kg4 65.
Ne5+ Kf5 66. Nd7 Ke4 67. Nb6 f3 68. a8=Q+ Nxa8 69. Nxa8 Kd5 1/2-1/2

[Event "*** Titled Tuesday Blitz"]
[Site "Chess.com"]
[Date "2020.01.07"]
[Round "5"]
[White "manmanlai1"]
[Black "Sashadav97"]
[Result "1-0"]
[WhiteElo "2398"]
[BlackElo "2568"]
[TimeControl "180+2"]
[EndTime "14:09:09 PST"]
[Termination "manmanlai1 won by checkmate"]

1. e4 c5 2. Nf3 Nc6 3. Bb5 g6 4. Bxc6 dxc6 5. d3 Bg7 6. h3 Nf6 7. Nc3 e5 8. Be3 Qe7 9. a3 b6 10. O-O Nd7 11. Qb1 f5 12. b4 f4 13. Bd2 g5 14. Nh2 h5 15. bxc5 g4 16. cxb6 axb6 17. Qb4 Qg5 18. Kh1 Qg6 19. d4 exd4 20. Ne2 c5 21.
Nxf4 Qd6 22. Qb3 Ne5 23. h4 Bd7 24. Nd5 b5 25. Bf4 c4 26. Qg3 Be6 27. Nf3 gxf3 28. Qxg7 fxg2+ 29. Kxg2 O-O-O 30. Qxe5 Rhg8+ 31. Kh2 Bxd5 32. Qxd6 Rxd6 33. Bxd6 Bxe4 34. Rg1 Rd8 35. Bf4 Bxc2 36. Rg7 Rd5 37. Re1 Kd8 38. Bg5+ Rxg5 39. hxg5 d3 40. Ree7 c3 41. Ra7 d2 42. Ra8# 1-0

[Event "*** Titled Tuesday Blitz"]
[Site "Chess.com"]
[Date "2020.01.07"]
[Round "5"]
[White "FrogMist"]
[Black "korbul"]
[Result "0-1"]
[WhiteElo "2410"]
[BlackElo "2609"]
[TimeControl "180+2"]
[EndTime "14:09:09 PST"]
[Termination "korbul won by checkmate"]

1. e4 c5 2. Nf3 e6 3. d4 cxd4 4. Nxd4 Nf6 5. Nc3 d6 6. g4 a6 7.
g5 Nfd7 8. h4 b5 9. Be3 b4 10.
Na4 Bb7 11. Bg2 Be7 12. Qe2 Nc5 13. Nxc5 dxc5 14. Nb3 Qc7 15. Nd2 O-O 16. Nc4 a5 17. h5 Nc6 18. O-O-O a4 19. g6 b3 20. a3 bxc2 21.
Qxc2 Nd4 22. Bxd4 cxd4 23. gxf7+ Rxf7 24. Kb1 Rc8 25. Rc1 Ba6 26. Bf1 Bg5 27. Nd2 Qxc2+ 28.
Rxc2 Rxc2 29. Kxc2 d3+ 30. Bxd3 Bxd3+ 31. Kxd3 Rd7+ 32.
Kc4 Rxd2 33. Kb5 Rxb2+ 34. Kxa4 Rxf2 35. Rd1 Rh2 36. Kb5 Rxh5 37. Kc6 Be3 38. Kd7 e5 39. Ke6 h6 40. Rd8+ Kh7 41. a4 Bd4 42. a5 Rh2 43. a6 Ra2 44. Ra8 Kg6 45. Ke7 h5 46.
Ke6 h4 47. Kd5 Kh7 48. Ke6 h3 49. Kf7 h2 50. Rg8 Rf2+ 51. Ke8 Kxg8 52. a7 Rf8+ 53.
Ke7 h1=Q 54. a8=Q Rxa8 55. Ke6 Qh3+ 56. Ke7 Ra7+ 57. Kd6 Qd7# 0-1

[Event "*** Titled Tuesday Blitz"]
[Site "Chess.com"]
[Date "2020.01.07"]
[Round "5"]
[White "platy3"]
[Black "xamax2000"]
[Result "1-0"]
[WhiteElo "2907"]
[BlackElo "2653"]
[TimeControl "180+2"]
[EndTime "14:09:10 PST"]
[Termination "platy3 won on time"]

1. e4 c5 2. Nf3 d6 3. d4 cxd4 4. Nxd4 Nf6 5. Nc3 a6 6. a4 e5 7. Nf3 Be7 8. Bc4 O-O 9. O-O h6 10. Qe2 Be6 11. Rd1 Qc8 12. Ba2 Nbd7 13. Be3 Qc6 14.
Nd5 Bxd5 15. exd5 Qc7 16. c3 Rfe8 17. Bb1 Bd8 18. a5 Nc5 19. Bc2 Qc8 20. Qc4 Nfd7 21. Bf5 b5 22. Qg4 h5 23. Qxh5 Nf6 24. Bxc8 Nxh5 25.
Bxc5 dxc5 26. Bb7 Ra7 27. Bc6 Rf8 28. Nxe5 c4 29. d6 Nf6 30. Bf3 g6 31. Nc6 Rd7 32. Ne5 Ra7 33. Bc6 Kg7 34. g3 Rh8 35.
Kg2 Rh5 36. f4 Ng8 37. Bf3 Rh8 38. d7 Nf6 39. Nc6 Rc7 40. Rd6 1-0

[Event "*** Titled Tuesday Blitz"]
[Site "Chess.com"]
[Date "2020.01.07"]
[Round "5"]
[White "KerryStead"]
[Black "Rainbow2014"]
[Result "1/2-1/2"]
[WhiteElo "2096"]
[BlackElo "2264"]
[TimeControl "180+2"]
[EndTime "14:09:11 PST"]
[Termination "Game drawn - insufficient material"]

1. d4 Nf6 2. f3 d5 3. e4 dxe4 4. Nc3 exf3 5. Nxf3 Bg4 6. h3 Bh5 7. g4 Bg6 8. Ne5 e6 9. Qf3 c6 10. Qf2 Nbd7 11. Nxg6 hxg6 12. Bg2 Nd5 13. Ne4 Be7 14. Bd2 Bh4 15. Ng3 Qc7 16. O-O O-O 17. Bxd5 exd5 18.
Bf4 Qb6 19. c3 Nf6 20. Qg2 Bxg3 21. Bxg3 Ne4 22. Rf3 Rae8 23. Raf1 Qd8 24. h4 Re6 25.
g5 Qd7 26. Be5 c5 27. Rf4 cxd4 28. Bxd4 Qc6 29. Qg4 Nd2 30. R1f2 Re1+ 31. Kg2 Ne4 32. Re2 Rxe2+ 33. Qxe2 Qe6 34. Qg4 Qxg4+ 35. Rxg4 Re8 36. Bxa7 Ra8 37. Bd4 Rxa2 38. c4 f5 39. gxf6 Nxf6 40. Rxg6 dxc4 41. Bxf6 Kf7 42. Rxg7+ Kxf6 43. Rxb7 c3 44. Kf3 Rxb2 45. Rc7 c2 46. Ke3 Ke6 47. Kd3 Rb4 48. Rxc2 Rxh4 49. Re2+ Kf5 50. Rf2+ Rf4 51. Rxf4+ Kxf4 1/2-1/2

[Event "*** Titled Tuesday Blitz"]
[Site "Chess.com"]
[Date "2020.01.07"]
[Round "5"]
[White "crazy_machine"]
[Black "Kosche007"]
[Result "1-0"]
[WhiteElo "2652"]
[BlackElo "2377"]
[TimeControl "180+2"]
[EndTime "14:09:14 PST"]
[Termination "crazy_machine won on time"]

1. e4 c6 2. d4 d5 3. e5 Bf5 4.
Bd3 Bxd3 5. Qxd3 e6 6. Ne2 Qa5+ 7. Nd2 Qa6 8. c4 Ne7 9. O-O Nd7 10. b3 h5 11. a4 Nf5 12. Ng3 g6 13. Nxf5 gxf5 14. a5 Be7 15. Bb2 Rd8 16. Qg3 Kf8 17. Ra4 h4 18.
Qe3 Rh5 19. g3 Bg5 20. Qe2 Rh8 21. Ba3+ Be7 22. Bb2 Bg5 23. Nf3 Be7 24. Rc1 Ke8 25. Qe3 Nf8 26. Ne1 Ng6 27. Nd3 hxg3 28. fxg3 Kf8 29.
Ba3 Bxa3 30. Rxa3 b6 31. cxd5 cxd5 32. Qg5 Re8 33. Nf2 Qe2 34. axb6 Rxh2 35. Kxh2 Qxf2+ 36. Kh3 axb6 37. Ra7 1-0

[Event "*** Titled Tuesday Blitz"]
[Site "Chess.com"]
[Date "2020.01.07"]
[Round "5"]
[White "enriquetejedor"]
[Black "el-reptiliano"]
[Result "1-0"]
[WhiteElo "2485"]
[BlackElo "2312"]
[TimeControl "180+2"]
[EndTime "14:09:14 PST"]
[Termination "enriquetejedor won by checkmate"]

1. d4 d5 2. Nf3 Nf6 3. Bf4 e6 4. e3 Bd6 5. Bg3 O-O 6. Nbd2 c5 7. c3 Qc7 8. Ne5 Nc6 9. f4 Ne7 10.
Bd3 b5 11. Rc1 c4 12. Bb1 b4 13. O-O bxc3 14. bxc3 Rb8 15. Bh4 Rb2 16. Rf2 Ng6 17. Bxf6 gxf6 18. Ng4 f5 19. Nf6+ Kg7 20. Nh5+ Kh8 21.
Nf3 Rxf2 22. Kxf2 Be7 23. Qg1 Bd7 24. g4 fxg4 25. Qxg4 e5 26. f5 e4 27. Ng5 Qxh2+ 28. Ke1 Qh1+ 29. Kd2 Qh2+ 30. Kd1 h6 31. Nxf7+ Rxf7 32.
Qxg6 Ba4+ 33. Bc2 Qh1+ 34. Kd2 Qh2+ 35. Kd1 Rh7 36. Bxa4 Bg5 37. Qe8# 1-0